TOP OF THE 1ST |
Columbia 08s batting - Pitching for Cincinnati Pride : LHP Kent Smith
|
Pitching: LHP Kent Smith
|
|
Batting: RHB Carlos López
|
0-0: Ground out 6-3 (Groundball, 6)
|
Batting: RHB Ben Barker
|
0-0: Called Strike 0-1: Foul Ball, location: 2F 0-2: Ball 1-2: Strikes out swinging
|
Batting: RHB Tom Hicks
|
0-0: Called Strike 0-1: Ball 1-1: Ball 2-1: Ball 3-1: SINGLE (Groundball, 4MD)
|
Batting: SHB Juan Carlos González
|
0-0: Called Strike 0-1: Foul Ball, location: 2F 0-2: Ball 1-2: Ball 2-2: Ball 3-2: Ground out 6-3 (Groundball, 6)
|
Top of the 1st over - 0 run(s), 1 hit(s), 0 error(s), 1 left on base; Columbia 0 - Cincinnati 0 |
BOTTOM OF THE 1ST |
Cincinnati Pride batting - Pitching for Columbia 08s : RHP Sancho Mendoza
|
Pitching: RHP Sancho Mendoza
|
|
Batting: SHB Jaime Martínez
|
0-0: Fly out, F7 (Flyball, 7)
|
Batting: RHB Jorge Flores
|
0-0: Ball 1-0: Ball 2-0: Swinging Strike 2-1: Called Strike 2-2: Strikes out swinging
|
Batting: LHB Gabriel Aragón
|
0-0: Swinging Strike 0-1: Fly out, F7 (Flyball, 7LSF)
|
Bottom of the 1st over - 0 run(s), 0 hit(s), 0 error(s), 0 left on base; Columbia 0 - Cincinnati 0 |
TOP OF THE 2ND |
Columbia 08s batting - Pitching for Cincinnati Pride : LHP Kent Smith
|
Batting: LHB Dave Raines
|
0-0: Called Strike 0-1: Swinging Strike 0-2: Strikes out swinging
|
Batting: RHB Carlos Estrada
|
0-0: Foul Ball, location: 2F 0-1: Fly out, F8 (Flyball, 8RS)
|
Batting: LHB Francisco Gonzáles
|
0-0: Called Strike 0-1: Called Strike 0-2: Ground out 1-3 (Groundball, P)
|
Top of the 2nd over - 0 run(s), 0 hit(s), 0 error(s), 0 left on base; Columbia 0 - Cincinnati 0 |
BOTTOM OF THE 2ND |
Cincinnati Pride batting - Pitching for Columbia 08s : RHP Sancho Mendoza
|
Batting: RHB Tony Long
|
0-0: Ball 1-0: Called Strike 1-1: Swinging Strike 1-2: Foul Ball, location: 2F 1-2: Foul Ball, location: 2F 1-2: Ball 2-2: Strikes out swinging
|
Batting: LHB Wes Thompson
|
0-0: Called Strike 0-1: Swinging Strike 0-2: Ball 1-2: Ball 2-2: SINGLE (Line Drive, 78S)
|
Batting: RHB Stan Simpson
|
0-0: Ground out 5-3 (Groundball, 5S) Wes Thompson to second
|
Batting: RHB Jorge Silva
|
0-0: Called Strike 0-1: Called Strike 0-2: Foul Ball, location: 2F 0-2: Fly out, F9 (Flyball, 9LSF)
|
Bottom of the 2nd over - 0 run(s), 1 hit(s), 0 error(s), 1 left on base; Columbia 0 - Cincinnati 0 |
TOP OF THE 3RD |
Columbia 08s batting - Pitching for Cincinnati Pride : LHP Kent Smith
|
Batting: RHB Juan Trujillo
|
0-0: Called Strike 0-1: Called Strike 0-2: Ball 1-2: SINGLE (Groundball, 6MD)
|
Batting: RHB James Hunter
|
0-0: Foul Ball, location: 2F 0-1: Called Strike 0-2: Ball 1-2: Ball 2-2: Foul Ball, location: 2F 2-2: SINGLE (Line Drive, 7S) Juan Trujillo to second
|
Batting: RHB Carlos López
|
0-0: Fielders Choice at 2nd, 5-4 (Groundball, 56) Juan Trujillo to third
|
Batting: RHB Ben Barker
|
0-0: Ball 1-0: Ball 2-0: Ball 3-0: Called Strike 3-1: Foul Ball, location: 2F 3-2: Base on Balls Carlos López to second
|
Batting: RHB Tom Hicks
|
0-0: Ball 1-0: Called Strike 1-1: Swinging Strike 1-2: Strikes out swinging
|
Batting: SHB Juan Carlos González
|
0-0: Called Strike 0-1: Ball 1-1: Foul Ball, location: 2F 1-2: Ball 2-2: Strikes out swinging
|
Top of the 3rd over - 0 run(s), 2 hit(s), 0 error(s), 3 left on base; Columbia 0 - Cincinnati 0 |
BOTTOM OF THE 3RD |
Cincinnati Pride batting - Pitching for Columbia 08s : RHP Sancho Mendoza
|
Batting: RHB George Martin
|
0-0: Called Strike 0-1: SINGLE (Groundball, 34D)
|
Batting: RHB Gary Miller
|
0-0: Called Strike 0-1: Fly out, F9 (Flyball, 9)
|
Batting: SHB Jaime Martínez
|
0-0: Called Strike 0-1: Ball 1-1: Foul Ball, location: 2F 1-2: Foul Ball, location: 2F 1-2: Ball 2-2: Fielders Choice at 2nd, 6-4 (Groundball, 6)
|
Batting: RHB Jorge Flores
|
0-0: Ball Jaime Martínez steals 2nd base 1-0: Ball 2-0: Ball 3-0: Called Strike 3-1: Foul Ball, location: 2F 3-2: SINGLE (Line Drive, 78S) Jaime Martínez to third Jaime Martínez scores
|
Batting: LHB Gabriel Aragón
|
0-0: Swinging Strike 0-1: Ball 1-1: Foul Ball, location: 2F 1-2: Foul Ball, location: 2F 1-2: Foul Ball, location: 2F 1-2: Ball 2-2: Ball 3-2: Foul Ball, location: 2F 3-2: Base on Balls Jorge Flores to second
|
Batting: RHB Tony Long
|
0-0: Ball 1-0: Called Strike 1-1: SINGLE (Groundball, 6D) Jorge Flores to third Gabriel Aragón to second Runner from 3rd tries for Home, SAFE, no throw
|
Batting: LHB Wes Thompson
|
0-0: Called Strike 0-1: Ball 1-1: Ball 2-1: Ball 3-1: Called Strike 3-2: Strikes out swinging
|
Bottom of the 3rd over - 2 run(s), 3 hit(s), 0 error(s), 2 left on base; Columbia 0 - Cincinnati 2 |
TOP OF THE 4TH |
Columbia 08s batting - Pitching for Cincinnati Pride : LHP Kent Smith
|
Batting: LHB Dave Raines
|
0-0: SINGLE (Groundball, 34) (infield hit)
|
Batting: RHB Carlos Estrada
|
0-0: Ball 1-0: 2-RUN HOME RUN (Flyball, 8RXD), Distance : 438 ft
|
Batting: LHB Francisco Gonzáles
|
0-0: Called Strike 0-1: Ball 1-1: Ball 2-1: DOUBLE (Line Drive, 9LD)
|
Batting: RHB Juan Trujillo
|
0-0: SINGLE (Groundball, 56D) Francisco Gonzáles to third
|
Batting: RHB James Hunter
|
0-0: Ball 1-0: Fly out, F9 (Flyball, 9) Runner from 3rd tags up, SCORES, no throw
|
Batting: RHB Carlos López
|
0-0: Ball Juan Trujillo is caught stealing 2nd base 1-0: Called Strike 1-1: Called Strike 1-2: Fly out, F7 (Line Drive, 78D)
|
Top of the 4th over - 3 run(s), 4 hit(s), 0 error(s), 0 left on base; Columbia 3 - Cincinnati 2 |
BOTTOM OF THE 4TH |
Cincinnati Pride batting - Pitching for Columbia 08s : RHP Sancho Mendoza
|
Batting: RHB Stan Simpson
|
0-0: Swinging Strike 0-1: Ground out 6-3 (Groundball, 6M)
|
Batting: RHB Jorge Silva
|
0-0: Ground out 4-3 (Groundball, 4)
|
Batting: RHB George Martin
|
0-0: Ground out 4-3 (Groundball, 4)
|
Bottom of the 4th over - 0 run(s), 0 hit(s), 0 error(s), 0 left on base; Columbia 3 - Cincinnati 2 |
TOP OF THE 5TH |
Columbia 08s batting - Pitching for Cincinnati Pride : LHP Kent Smith
|
Batting: RHB Ben Barker
|
0-0: Called Strike 0-1: Ball 1-1: Ball 2-1: Foul Ball, location: 2F 2-2: Ball 3-2: Foul Ball, location: 2F 3-2: SINGLE (Groundball, 56D)
|
Batting: RHB Tom Hicks
|
0-0: Swinging Strike 0-1: Ball 1-1: Ball 2-1: Ball 3-1: Base on Balls Ben Barker to second
|
Batting: SHB Juan Carlos González
|
0-0: Called Strike 0-1: Ball 1-1: SINGLE (Groundball, 4D) Ben Barker to third Tom Hicks to second Runner from 3rd tries for Home, throw and OUT! Tom Hicks to third Juan Carlos González to second
|
Batting: LHB Dave Raines
|
0-0: Called Strike 0-1: Called Strike 0-2: Ball 1-2: SINGLE (Groundball, 56D) Tom Hicks scores Juan Carlos González to third
|
Batting: RHB Carlos Estrada
|
0-0: Grounds into double play, 6-4-3 (Groundball, 6)
|
Top of the 5th over - 1 run(s), 3 hit(s), 0 error(s), 1 left on base; Columbia 4 - Cincinnati 2 |
BOTTOM OF THE 5TH |
Cincinnati Pride batting - Pitching for Columbia 08s : RHP Sancho Mendoza
|
Batting: RHB Gary Miller
|
0-0: Swinging Strike 0-1: Ball 1-1: Foul Ball, location: 2F 1-2: Ball 2-2: Strikes out swinging
|
Batting: SHB Jaime Martínez
|
0-0: Ball 1-0: Ball 2-0: Foul Ball, location: 2F 2-1: Called Strike 2-2: Strikes out swinging
|
Batting: RHB Jorge Flores
|
0-0: Called Strike 0-1: Foul Ball, location: 2F 0-2: Ground out 5-3 (Groundball, 5S)
|
Bottom of the 5th over - 0 run(s), 0 hit(s), 0 error(s), 0 left on base; Columbia 4 - Cincinnati 2 |
TOP OF THE 6TH |
Columbia 08s batting - Pitching for Cincinnati Pride : LHP Kent Smith
|
Batting: LHB Francisco Gonzáles
|
0-0: Ball 1-0: Ball 2-0: Called Strike 2-1: SINGLE (Line Drive, 89S)
|
Pitching: LHP Vicente López
|
|
Batting: RHB Juan Trujillo
|
0-0: Ball 1-0: Foul Ball, location: 2F 1-1: Ball 2-1: Ball 3-1: Foul Ball, location: 2F 3-2: Strikes out swinging
|
Batting: RHB James Hunter
|
0-0: Ball Francisco Gonzáles steals 2nd base 1-0: Ball 2-0: Fly out, F9 (Line Drive, 9)
|
Batting: RHB Carlos López
|
0-0: Swinging Strike 0-1: Foul Ball, location: 2F 0-2: Ball 1-2: Ball 2-2: Strikes out swinging
|
Top of the 6th over - 0 run(s), 1 hit(s), 0 error(s), 1 left on base; Columbia 4 - Cincinnati 2 |
BOTTOM OF THE 6TH |
Cincinnati Pride batting - Pitching for Columbia 08s : RHP Sancho Mendoza
|
Batting: LHB Gabriel Aragón
|
0-0: Fly out, F6 (Popup, 6D)
|
Batting: RHB Tony Long
|
0-0: Ground out 5-3 (Groundball, 56S)
|
Batting: LHB Wes Thompson
|
0-0: Swinging Strike 0-1: Swinging Strike 0-2: Strikes out swinging
|
Bottom of the 6th over - 0 run(s), 0 hit(s), 0 error(s), 0 left on base; Columbia 4 - Cincinnati 2 |
TOP OF THE 7TH |
Columbia 08s batting - Pitching for Cincinnati Pride : LHP Vicente López
|
Batting: RHB Ben Barker
|
0-0: Foul Ball, location: 2F 0-1: Ball 1-1: Foul Ball, location: 2F 1-2: Strikes out swinging
|
Batting: RHB Tom Hicks
|
0-0: Ball 1-0: Ball 2-0: Called Strike 2-1: Foul Ball, location: 2F 2-2: Strikes out looking
|
Batting: SHB Juan Carlos González
|
0-0: Called Strike 0-1: Ball 1-1: Ball 2-1: Ground out 6-3 (Groundball, 6)
|
Top of the 7th over - 0 run(s), 0 hit(s), 0 error(s), 0 left on base; Columbia 4 - Cincinnati 2 |
BOTTOM OF THE 7TH |
Cincinnati Pride batting - Pitching for Columbia 08s : RHP Sancho Mendoza
|
Pitching: RHP Irwin Conway
|
|
Batting: RHB Stan Simpson
|
0-0: Ball 1-0: Ball 2-0: Called Strike 2-1: Ground out 5-3 (Groundball, 5S)
|
Batting: RHB Jorge Silva
|
0-0: Called Strike 0-1: Called Strike 0-2: Foul Ball, location: 2F 0-2: Foul Ball, location: 2F 0-2: Foul Ball, location: 2F 0-2: Ball 1-2: Hit by Pitch
|
Batting: RHB George Martin
|
0-0: Called Strike 0-1: Ball 1-1: Ball 2-1: Foul Ball, location: 2F 2-2: Strikes out looking
|
Batting: RHB Gary Miller
|
0-0: Called Strike 0-1: Swinging Strike 0-2: Strikes out swinging
|
Bottom of the 7th over - 0 run(s), 0 hit(s), 0 error(s), 1 left on base; Columbia 4 - Cincinnati 2 |
TOP OF THE 8TH |
Columbia 08s batting - Pitching for Cincinnati Pride : LHP Vicente López
|
Batting: LHB Dave Raines
|
0-0: Fly out, F4 (Popup, 4D)
|
Batting: RHB Carlos Estrada
|
0-0: Ball 1-0: Called Strike 1-1: Ball 2-1: SINGLE (Groundball, 56D)
|
Batting: LHB Francisco Gonzáles
|
0-0: Ball 1-0: Ball 2-0: Fly out, F9 (Flyball, 9S)
|
Batting: RHB Juan Trujillo
|
0-0: Ball Wild Pitch! Carlos Estrada to second 1-0: Ball 2-0: Foul Ball, location: 2F 2-1: Swinging Strike 2-2: Foul Ball, location: 2F 2-2: Ball 3-2: Strikes out swinging, 2-3 out at first.
|
Top of the 8th over - 0 run(s), 1 hit(s), 0 error(s), 1 left on base; Columbia 4 - Cincinnati 2 |
BOTTOM OF THE 8TH |
Cincinnati Pride batting - Pitching for Columbia 08s : RHP Irwin Conway
|
Batting: SHB Jaime Martínez
|
0-0: Called Strike 0-1: Ball 1-1: DOUBLE (Line Drive, 89D)
|
Pitching: RHP Jorge Amador
|
|
Batting: RHB Jorge Flores
|
0-0: Swinging Strike 0-1: SINGLE (Line Drive, 7LS) Jaime Martínez to third
|
Pitching: LHP Henny van der Lack
|
|
Batting: LHB Gabriel Aragón
|
0-0: Ball 1-0: SINGLE (Popup, 6D) Jaime Martínez scores Jorge Flores to second
|
Pitching: RHP Danny Johnston
|
|
Batting: RHB Tony Long
|
0-0: Called Strike 0-1: Ball 1-1: Called Strike 1-2: Ball 2-2: Strikes out looking
|
Batting: LHB Wes Thompson
|
0-0: Called Strike 0-1: Ball 1-1: SINGLE (Flyball, 8LS) Jorge Flores to third Gabriel Aragón to second Runner from 3rd tries for Home, SAFE, no throw
|
Pinch Hitting: LHB John Clark
|
0-0: Ball 1-0: Ball 2-0: Ball 3-0: Called Strike 3-1: Base on Balls Gabriel Aragón to third Wes Thompson to second
|
Batting: RHB Jorge Silva
|
0-0: Called Strike 0-1: Ball 1-1: Grounds into fielders choice 4-2 (Groundball, 4) Wes Thompson to third John Clark to second
|
Pinch Hitting: RHB Roger Rush
|
0-0: Called Strike 0-1: Called Strike 0-2: Strikes out looking
|
Bottom of the 8th over - 2 run(s), 4 hit(s), 0 error(s), 3 left on base; Columbia 4 - Cincinnati 4 |
TOP OF THE 9TH |
Columbia 08s batting - Pitching for Cincinnati Pride : LHP Vicente López
|
Pitching: RHP Lyle Scalise
|
|
Now at 2B: Burkhard Bittinger
|
|
Now at 3B: Roger Rush
|
|
Pinch Hitting: SHB Jorge Rodríguez
|
0-0: Swinging Strike 0-1: Ball 1-1: Ball 2-1: Fly out, F8 (Flyball, 8RS)
|
Batting: RHB Carlos López
|
0-0: Foul Ball, location: 2F 0-1: Ball 1-1: Reached on error, E5 (Groundball, 56S)
|
Batting: RHB Ben Barker
|
0-0: Ball 1-0: Ball 2-0: Foul Ball, location: 2F 2-1: Foul Ball, location: 2F 2-2: Strikes out swinging
|
Batting: RHB Tom Hicks
|
0-0: Foul Ball, location: 2F 0-1: Ball 1-1: SINGLE (Groundball, 6MD) Carlos López to third Runner from 3rd tries for Home, SAFE, no throw
|
Pinch Hitting: RHB Jaime Hernández
|
0-0: Ball 1-0: Foul Ball, location: 2F 1-1: Foul Ball, location: 2F Balk! Tom Hicks to second 1-2: Strikes out swinging
|
Top of the 9th over - 1 run(s), 1 hit(s), 1 error(s), 1 left on base; Columbia 5 - Cincinnati 4 |
BOTTOM OF THE 9TH |
Cincinnati Pride batting - Pitching for Columbia 08s : RHP Danny Johnston
|
Pitching: LHP León Hernández
|
|
Now at 1B: Claudio Palácios
|
|
Now at 2B: Ernesto Villa
|
|
Now at 3B: Henry Fox
|
|
Pinch Hitting: RHB Keith Sheehan
|
0-0: Called Strike 0-1: Fly out, F4 (Popup, 4D)
|
Pinch Hitting: RHB Álex Hernández
|
0-0: Ball 1-0: Called Strike 1-1: Foul Ball, location: 2F 1-2: Strikes out swinging
|
Batting: RHB Jorge Flores
|
0-0: Swinging Strike 0-1: Foul Ball, location: 2F 0-2: Ball 1-2: Ball 2-2: Fly out, F8 (Line Drive, 8RD)
|
Bottom of the 9th over - 0 run(s), 0 hit(s), 0 error(s), 0 left on base; Columbia 5 - Cincinnati 4 |
|